 Dungeon Crawl Stone Soup version 0.28.0-53-g5a82cb258f (webtiles) character file.

Game seed: 1786949827029447807

300 nascarfag the Conjurer (level 6, 0/33 HPs)
             Began as a Deep Elf Conjurer on July 22, 2022.
             Was an Initiate of Vehumet.
             Slain by an adder (3 damage)
             ... on level 3 of the Dungeon.
             The game lasted 00:12:34 (5128 turns).

nascarfag the Conjurer (Deep Elf Conjurer)          Turns: 5128, Time: 00:12:35

Health: 0/33       AC:  2    Str: -9 (4)  XL:     6   Next: 13%
Magic:  9/16       EV: 11    Int: 21 (25) God:    Vehumet [......]
Gold:   137        SH:  0    Dex:  5 (13) Spells: 4/15 levels left

rFire   . . .      SeeInvis .   b - +0 dagger
rCold   . . .      Faith    .   (no shield)
rNeg    . . .      Spirit   .   a - +0 robe
rPois   .          Reflect  .   (no helmet)
rElec   .          Harm     .   (no cloak)
rCorr   .          Rampage  .   (no gloves)
Will    .....                   (no boots)
Stlth   ++........              (no amulet)
HPRegen 0.00/turn               (no ring)
MPRegen 0.15/turn               (no ring)

@: brilliant, lethally poisoned (0 -> -4), flying, very slightly contaminated,
inhibited regen, slowed, lost strength, very slow
A: no striking features
a: Renounce Religion


You were on level 3 of the Dungeon.
You worshipped Vehumet.
Vehumet was noncommittal.
You visited 1 branch of the dungeon, and saw 3 of its levels.
You also visited: Sewer.

You collected 137 gold pieces.

Inventory:

Hand Weapons
 b - a +0 dagger (weapon)
Armour
 a - a +0 robe (worn)
Scrolls
 c - a scroll of fear
 f - 2 scrolls of teleportation
 g - 2 scrolls of immolation {unknown}
 h - a scroll of magic mapping {unknown}
 k - a scroll of enchant armour {unknown}
 l - a scroll of vulnerability {unknown}
 m - a scroll of noise {unknown}
Potions
 i - 2 potions of attraction


   Skills:
 + Level 0.5 Fighting
 + Level 3.0 Dodging
 + Level 3.7 Stealth
 + Level 5.3 Spellcasting
 + Level 6.3 Conjurations
 + Level 0.2 Translocations


You had 4 spell levels left.
You knew the following spells:

 Your Spells              Type           Power      Damage    Failure   Level
a - Magic Dart            Conj           100%       1d8       1%          1
b - Searing Ray           Conj           96%        2d7       1%          2
c - Iskenderun's Mystic   Conj/Tloc      29%        2d7       26%         4
d - Fulminant Prism       Conj/Hex       14%        3d9       28%         4

Your spell library contained the following spells:

 Spells                   Type           Power      Damage    Failure   Level
 Dazzling Flash           Conj/Hex       56%        N/A       9%          3
 Gell's Gravitas          Tloc           10%        N/A       28%         3
 Teleport Other           Tloc           10%        N/A       28%         3
 Dispersal                Tloc           5%         N/A       100%        6


Dungeon Overview and Level Annotations

Branches:
Dungeon (3/15)              Sewer (visited)

Altars:
Ashenzari
Cheibriados
Fedhas
Vehumet


Message History

You feel less confused. The adder misses you.
There is an open door here.
Things that are here:
a +0 dagger; a goblin corpse
Casting: Searing Ray (safe; 1% risk of failure)
Confirm with . or Enter, or press ? or * to list all spells.
The spell is extremely dangerous to miscast (26% risk of failure)!
Continue anyway?
You miscast Iskenderun's Mystic Blast.
You are very lightly contaminated with residual magic.
Strange energies run through your body! The adder bites you.
You are poisoned.
The adder poisons you! The adder bites you.
Casting: Iskenderun's Mystic Blast (extremely dangerous; 26% risk of failure)
Confirm with . or Enter, or press ? or * to list all spells.
The spell is extremely dangerous to miscast (26% risk of failure)!
Continue anyway?
You miscast Iskenderun's Mystic Blast.
Energy rips through your body!
* * * LOW HITPOINT WARNING * * *
You feel sick. The adder bites you.
* * * LOW HITPOINT WARNING * * *
The adder bites you.
* * * LOW HITPOINT WARNING * * *
You are more poisoned.
The adder poisons you!
It was a potion of curing.
You feel better. The adder completely misses you. The adder bites you.
* * * LOW HITPOINT WARNING * * *
You are lethally poisoned!
The adder poisons you!
It was a potion of brilliance.
You feel clever all of a sudden.
* * * LOW HITPOINT WARNING * * *
You feel very sick. The adder barely misses you. The adder misses you.
It was a potion of flight.
You feel very buoyant.
You fly up into the air.
* * * LOW HITPOINT WARNING * * *
You feel sick. The adder closely misses you. The adder bites you.
You die...

.####.## #.###..##..#
.......# #..#....'#####
.####..# ####....##...#
#####..#######..##.....
#...........##'##).....
#.###..######..##...8..
..##### #.###..#
#...Z'...... #'##....
.......# #...S##.....
#..###### ......##
##..#@## ..##....
#.....## ####..#####'..
# .......# #....##..##
# .......# #....)....#
# .......# ##..##..).#
# #.....#####
######.)## ##
..)...###.## #####'# #.
♣♣♣♣♣♣...#.# #...†.# #.
.....♣###.##
#.##.######## #.


You could see an adder and a hound skeleton.

Vanquished Creatures
  A scorpion (D:2)
  A gnoll shaman (D:3)
  8 adders
  6 river rats
  2 worms
  2 orcs (D:3)
  7 ball pythons
  8 bats
  7 endoplasms
  6 giant cockroaches
  4 goblins
  6 hobgoblins
  2 jackals (D:1)
  A quokka (D:3)
  12 frilled lizards
  2 kobolds
  9 rats
84 creatures vanquished.

Vanquished Creatures (others)
  A fulminant prism (D:3)
  5 fungi (D:3)
  3 plants (D:3)
9 creatures vanquished.

Grand Total: 93 creatures vanquished

Notes
Turn   | Place    | Note
-------+----------+-------------------------------------------
     0 | D:1      | nascarfag the Deep Elf Conjurer began the quest for the
                  | Orb.
     0 | D:1      | Reached XP level 1. HP: 10/10 MP: 6/6
   194 | D:1      | Found a faded altar of an unknown god.
   200 | D:1      | Prayed at the altar of an unknown god.
   200 | D:1      | Became a worshipper of Cheibriados the Contemplative
   200 | D:1      | Reached * piety under Cheibriados
   201 | D:1      | Fell from the grace of Cheibriados
   219 | D:1      | Reached XP level 2. HP: 15/15 MP: 6/8
   544 | D:1      | Reached skill level 5 in Conjurations
  1040 | D:1      | Learned a level 2 spell: Searing Ray
  1320 | D:2      | Reached XP level 3. HP: 13/19 MP: 3/10
  1603 | D:2      | Found a radiant altar of Vehumet.
  1608 | D:2      | Noticed a scorpion
  1615 | D:2      | Killed a scorpion
  1616 | D:2      | Reached XP level 4. HP: 22/24 MP: 3/12
  1780 | D:2      | Became a worshipper of Vehumet
  1786 | D:2      | Learned a level 4 spell: Iskenderun's Mystic Blast
  1791 | D:2      | Learned a level 4 spell: Fulminant Prism
  2371 | D:3      | Reached skill level 6 in Conjurations
  2499 | D:3      | Reached XP level 5. HP: 18/28 MP: 2/13
  2680 | D:3      | Found a glowing drain.
  2684 | Sewer    | Entered a sewer
  2827 | Sewer    | Lost strength.
  4175 | D:3      | Found a blossoming altar of Fedhas.
  4223 | D:3      | Found a broken altar of Ashenzari.
  4242 | D:3      | Reached skill level 5 in Spellcasting
  5063 | D:3      | Reached XP level 6. HP: 24/33 MP: 6/15
  5117 | D:3      | HP: 1/33 [hound skeleton (1)]
  5125 | D:3      | HP: 1/33 [adder (3)]
  5128 | D:3      | Slain by an adder

Illustrated notes

Levels and vault maps discovered:
D:1:      erik_arrival_cave_to_civilisation [erik_arrival_cave_to_hall],
          layout_loops_ring, hellmonk_ecumenical_altar_heavens_door,
          minmay_misc_feat_cross, grunt_decor_resistance
D:2:      layout_loops_ring, basic_altar
D:3:      minmay_bubble_buster, layout_loops_ring, mainiacjoe_overflow_alcove_1,
          fedhas_altar_3, gup_sewer_entry_spiral

Skill      XL: |  1  2  3  4  5 |
---------------+----------------+-----
Conjurations   | 5 6 |  6.3
Stealth        | 3 |  3.7
Spellcasting   | 4 5 |  5.3
Dodging        | 3 |  3.0
Fighting       | |  0.5
Translocations | |  0.2

Action                   |  1- 3 |  4- 6 || total
-------------------------+-------+-------++-------
Melee: Dagger            |     4 |    12 ||    16
       Punch             |       |     1 ||     1
 Cast: Magic Dart        |    57 |    57 ||   114
       Searing Ray       |     1 |    16 ||    17
       Iskenderun's Myst |       |     7 ||     7
       Fulminant Prism   |       |     1 ||     1
Invok: Renounce Religion |     1 |       ||     1
  Use: Scroll            |       |     4 ||     4
       Potion            |       |     4 ||     4
 Stab: Sleeping          |     1 |     1 ||     2
Armor: Robe              |     2 |    12 ||    14
Dodge: Dodged            |    10 |    53 ||    63
